 Dungeon Crawl Stone Soup version 0.31-a0-865-g3d5d91748a (webtiles) character file.

Game seed: 2579043153735151024

7 kae the Vexing (level 1, -1/13 HPs)
             Began as a Demonspawn Enchanter on Oct 10, 2023.
             Slain by a hobgoblin (4 damage)
             ... on level 1 of the Dungeon.
             The game lasted 00:00:06 (89 turns).

kae the Vexing (Demonspawn Enchanter)                 Turns: 89, Time: 00:00:06

Health: -1/13      AC:  2    Str:  8    XL:     1   Next: 83%
Magic:  3/3        EV: 12    Int: 16    God:
Gold:   21         SH:  0    Dex: 13    Spells: 4/4 levels left

rFire   . . .        a - +1 dagger
rCold   . . .        (no shield)
rNeg    . . .        b - +0 robe
rPois   .            (no helmet)
rElec   .            (no cloak)
rCorr   .            (no gloves)
SInv    .            (no boots)
Will    .....        (no amulet)
Stlth   ++           (no ring)
HPRegen 0.22/turn    (no ring)
MPRegen 0.08/turn

%: no passive effects
@: no status effects
A: no striking features
a: no special abilities


You were on level 1 of the Dungeon.
You visited 1 branch of the dungeon, and saw 1 of its levels.

You collected 21 gold pieces.


   Skills:
 * Level 1.1 Short Blades
 + Level 1.9 Dodging
 + Level 2.8 Stealth
 + Level 2.0 Spellcasting
 * Level 3.1 Hexes


You had 4 spell levels left.
You didn't know any spells.
Your spell library contained the following spells:

 Spells                   Type           Power      Damage    Failure   Level
 Ensorcelled Hibernation  Hex/Ice        12%        N/A       17%         2
 Confusing Touch          Hex            11%        N/A       17%         3
 Tukima's Dance           Hex            11%        N/A       17%         3
 Dazzling Flash           Conj/Hex       12%        N/A       32%         3

Inventory:

Hand Weapons
 a - a +1 dagger (weapon)
Missiles
 d - 5 stones
Armour
 b - a +0 robe (worn)
Potions
 c - 2 potions of invisibility
 e - a potion of enlightenment {unknown}

Dungeon Overview and Level Annotations

Branches:
Dungeon (1/15) Zot: 5911

Altars:

#†#.....#
#########
###......##
.......##########
###.##.#
#...#.#### #.##.#
#........
#.##.####...##.# #
#.##....>.....##
.#
#.#######..###.#.#
###.#######..#
#@.#
.........†...#
#gJ#
###.#######.##
#..# #.#######.#
#..# #.........#
#..# #.#########
#... #.# .... #.#
##..# ...


You could see an endoplasm and a hobgoblin.


Message History

You puncture the bat!
You kill the bat!
The dart slug launches a dart at you. The slug dart misses you.
A dart slug is nearby!
You see here a bat corpse.
You hit the dart slug but do no damage. The dart slug closely misses you.
A dart slug is nearby!
You hit the dart slug. The dart slug bites you.
You hit the dart slug.
The dart slug bites you but does no damage. 😕 HP[-1]
You take 1 damage, and now have 12/13 hp.
You hit the dart slug. You hit the dart slug but do no damage.
The dart slug completely misses you.
A dart slug is nearby!
You hit the dart slug but do no damage.
The dart slug bites you but does no damage.
You hit the dart slug.
You kill the dart slug!
Your Short Blades skill increases to level 1! 😎 HP[+1]
Your hp is fully restored (13).
e - a dark potion No target in view!
No target in view!
A hobgoblin and a giant cockroach come into view.
There are monsters nearby!
A giant cockroach is nearby!
The giant cockroach barely misses you.
You hit the giant cockroach but do no damage.
The giant cockroach closely misses you.
A giant cockroach is nearby!
You barely miss the giant cockroach.
The giant cockroach bites you but does no damage.
You hit the giant cockroach but do no damage.
The giant cockroach barely misses you.
A giant cockroach is nearby!
You barely miss the giant cockroach. The giant cockroach closely misses you.
You hit the giant cockroach but do no damage.
The giant cockroach closely misses you.
A giant cockroach is nearby!
You hit the giant cockroach. The giant cockroach bites you.
The giant cockroach closely misses you.
You closely miss the giant cockroach. The giant cockroach barely misses you.
A giant cockroach is nearby!
You closely miss the giant cockroach.
The giant cockroach bites you but does no damage.
You hit the giant cockroach. The giant cockroach misses you.
A giant cockroach is nearby!
You hit the giant cockroach.
You kill the giant cockroach!
No target in view!
A hobgoblin is nearby!
A hobgoblin is nearby!
A hobgoblin is nearby!
The helpless hobgoblin fails to defend itself.
You puncture the hobgoblin!
You kill the hobgoblin!
No target in view!
d - 5 stones (gained 4)
You see here a hobgoblin corpse.
Key pressed, stopping explore.
No target in view!
No target in view!
Found a stone staircase leading down.
No target in view!
No target in view!
There is a stone staircase leading down here.
A bat and a hobgoblin come into view.
The hobgoblin shouts!
An endoplasm comes into view.
The bat hits you.
You hit the bat.
You kill the bat!
There are monsters nearby!
You see here a bat corpse.
You hit the hobgoblin but do no damage. Your punch misses the hobgoblin.
The hobgoblin closely misses you.
There are monsters nearby!
You hit the hobgoblin. The hobgoblin barely misses you.
You closely miss the hobgoblin. The hobgoblin misses you.
There are monsters nearby!
You barely miss the hobgoblin. The endoplasm freezes you.
You are frozen.
The hobgoblin barely misses you.
You closely miss the hobgoblin. The hobgoblin hits you. The endoplasm hits you.
* * * LOW HITPOINT WARNING * * *
There are monsters nearby!
You are too injured to fight recklessly!
You are too injured to fight recklessly! 😨 HP[-7]
You take 7 damage, and now have 6/13 hp.
MASSIVE DAMAGE!! (PAUSE)
You hit the hobgoblin. The endoplasm freezes you.
You are frozen.
* * * LOW HITPOINT WARNING * * *
The hobgoblin hits you.
You die...

Skill      XL: |  1 |
---------------+----+-----
Short Blades   | 1 |  1.1
Dodging        | |  1.9
Stealth        | |  2.8
Spellcasting   | |  2.0
Hexes          | |  3.1

Action                     || total
---------------------------++-------
  Melee: Dagger            ||    26
   Stab: Sleeping          ||     2
 Armour: Robe              ||    10
  Dodge: Dodged            ||    15

Levels and vault maps discovered:
D:1:      erik_arrival_orb_chamber, layout_loops_ring, serial_shops, shop

Notes
Turn   | Place    | Note
-------+----------+-------------------------------------------
     0 | D:1      | kae the Demonspawn Enchanter began the quest for the Orb.
     0 | D:1      | Reached XP level 1. HP: 13/13 MP: 3/3
     0 | D:1      | magus.rc [v1.11.3]
    28 | D:1      | Reached skill level 1 in Short Blades
    89 | D:1      | HP: 3/13 [frozen (3)]
    89 | D:1      | Slain by a hobgoblin

Vanquished Creatures
  A dart slug (D:1)
  A giant cockroach (D:1)
  A hobgoblin (D:1)
  2 bats (D:1)
5 creatures vanquished.

Table legend:
 A = Non-vault XP
 B = Vault XP
 C = Vault XP percentage of total XP
 D = Non-vault monster count
 E = Vault monster count
 F = Vault count percentage of total count
                 A         B        C        D         E       F
            +---------+---------+-------+---------+---------+-------
      Total |      10 |       0 |   0.0 |       5 |       0 |   0.0
            +---------+---------+-------+---------+---------+-------
        D:1 |      10 |       0 |   0.0 |       5 |       0 |   0.0
            +---------+---------+-------+---------+---------+-------

Skill      XL: |  1 |
---------------+----+-----
Short Blades   | 1 |  1.1
Dodging        | |  1.9
Stealth        | |  2.8
Spellcasting   | |  2.0
Hexes          | |  3.1

Action                     || total
---------------------------++-------
  Melee: Dagger            ||    26
   Stab: Sleeping          ||     2
 Armour: Robe              ||    10
  Dodge: Dodged            ||    15

Illustrated notes

Table legend:
 A = Kills in this place as a percentage of kills in the entire game.
 B = Kills by you in this place as a percentage of kills by you in the entire game.
 C = Kills by friends in this place as a percentage of kills by friends in the entire game.
 D = Other kills in this place as a percentage of other kills in the entire game.
 E = Experience gained in this place as a percentage of experience gained in the entire game.
 F = Experience gained in this place divided by the number of levels of this place that you have seen.
                   A       B       C       D       E      F
               +-------+-------+-------+-------+-------+----------------------
         Total | 100.0 | 100.0 |   N/A |   N/A | 100.0 |  10.0
       Dungeon | 100.0 | 100.0 |   N/A |   N/A | 100.0 |  10.0
               +-------+-------+-------+-------+-------+----------------------

Table legend: (Time is in decaauts)
 A = Elapsed time spent in this place.
 B = Non-inter-level travel time spent in this place.
 C = Inter-level travel time spent in this place.
 D = Time resting spent in this place.
 E = Time spent auto-exploring this place.
 F = Levels seen in this place.
 G = Mean time per level.
                   A        B        C        D        E       F      G
               +--------+--------+--------+--------+--------+-----+--------+
         Total |     87 |     87 |      0 |      0 |     45 |   1 |   87.0 |
       Dungeon |     87 |     87 |      0 |      0 |     45 |   1 |   87.0 |
               +--------+--------+--------+--------+--------+-----+--------+

Top non-repeatable levels by time:
     D:1: 87 daAuts
